 Dungeon Crawl Stone Soup version 0.31.0-9-g3a7656b989 (webtiles) character file.

Game seed: 11284800266520823314

305 jagang the Gusty (level 5, -12/41 HPs)
             Began as a Demigod Air Elementalist on Jan 24, 2024.
             Killed by psychic fangs
             ... invoked by a brain worm
              (16 damage)
             ... in a sewer.
             The game lasted 00:10:49 (3547 turns).

jagang the Gusty (Demigod Air Elementalist)         Turns: 3547, Time: 00:10:49

Health: -12/41     AC:  2    Str:  9    XL:     5   Next: 93%
Magic:  0/12       EV: 12    Int: 21    God:
Gold:   110        SH:  0    Dex: 14    Spells: 9/10 levels left

rFire   . . .        f - +2 spear (venom)
rCold   + . .        (no shield)
rNeg    . . .        a - +0 robe
rPois   .            g - +0 hat of the Maze {rC+}
rElec   .            (no cloak)
rCorr   .            (no gloves)
SInv    .            (no boots)
Will    .....        (no amulet)
Stlth   +            (no ring)
HPRegen 0.26/turn    (no ring)
MPRegen 0.13/turn

%: no passive effects
@: very slightly contaminated, very slow
A: high MP 1, forlorn, divine attributes
a: no special abilities


You were in a sewer.
You visited 1 branch of the dungeon, and saw 3 of its levels.
You also visited: Sewer.

You collected 110 gold pieces.

Inventory:

Hand Weapons
 f - a +2 spear of venom (weapon)
Armour
 a - a +0 robe (worn)
 g - the +0 hat of the Maze (worn) {rC+}
   (You found it on level 2 of the Dungeon)

   rC+:       It protects you from cold.
Jewellery
 m - a +6 ring of dexterity
Scrolls
 d - 4 scrolls of identify {unknown}
 h - 2 scrolls of fear {unknown}
 l - 2 scrolls of revelation {unknown}
 n - a scroll of fog {unknown}
 o - a scroll of vulnerability {unknown}
 q - a scroll of teleportation {unknown}
 s - a scroll of enchant weapon {unknown}
Potions
 b - 4 potions of magic
 c - a potion of mutation {unknown}
 e - 2 potions of enlightenment {unknown}
 i - 2 potions of resistance {unknown}
 j - a potion of curing {unknown}
 k - a potion of attraction {unknown}
 p - a potion of degeneration {unknown}
 r - a potion of might {unknown}
 t - a potion of heal wounds {unknown}


   Skills:
 + Level 1.8 Fighting
 + Level 1.2 Polearms
 + Level 2.6 Dodging
 - Level 1.7 Stealth
 * Level 3.1 Spellcasting
 * Level 2.9 Conjurations
 + Level 3.3 Air Magic


You had 9 spell levels left.
You knew the following spells:

 Your Spells              Type           Power      Damage    Failure   Level
a - Shock                 Conj/Air       64%        1d7       3%          1

Your spell library contained the following spells:

 Spells                   Type           Power      Damage    Failure   Level
 Static Discharge         Conj/Air       32%        3-5/arc   5%          2
 Swiftness                Air            17%        N/A       10%         3
 Momentum Strike          Conj/Tloc      18%        3d8       11%         2
 Blink                    Tloc           6%         N/A       21%         2
 Dazzling Flash           Conj/Hex       18%        N/A       22%         3
 Airstrike                Air            8%         2d(2-18)  32%         4
 Summon Forest            Summ/Tloc      1%         N/A       98%         5


Dungeon Overview and Level Annotations

Branches:
Dungeon (3/15)              Sewer (1/1)


Innate Abilities, Weirdness & Mutations

You have an increased reservoir of magic. (+10% MP)
You shall have no god before yourself.
Your divine heritage dramatically boosts your attributes as you level up.


Message History

The brain worm is moderately wounded.
The zap hits the plant.
The plant begins to die.
The plant is lightly damaged.
The zap hits the brain worm!
The brain worm is severely wounded.
You miscast Shock.
You are very lightly contaminated with residual magic.
Nothing appears to happen.
The zap hits the brain worm.
The brain worm is severely wounded.
The zap hits the plant.
The plant is lightly damaged.
The zap misses the brain worm.
The zap hits the plant.
The plant is lightly damaged.
The zap hits the brain worm.
The brain worm is almost dead.
The zap hits the plant.
The plant is lightly damaged.
A nearby plant withers and dies.
The brain worm's throbbing head pulsates.
Something gnaws heavily on your mind!
You feel your power leaking away.
You are too injured to fight recklessly!
The brain worm's bulging head throbs.
Something gnaws heavily on your mind!
* * * LOW HITPOINT WARNING * * *
You feel your power leaking away.
You are too injured to fight recklessly!
You are too injured to fight recklessly!
You are too injured to fight recklessly!
Reach: f) +2 spear (venom)
Press: ? - help, Dir - move target, f/p - brain worm
Aim: a brain worm (severely wounded, about 20% to evade your +2 spear of venom)
You reach to attack!
Your unstable footing causes you to fumble your attack.
You hit the brain worm.
The brain worm is poisoned.
The brain worm is almost dead.
The brain worm's throbbing head pulsates.
Something gnaws heavily on your mind!
You die...

#.~~.~...~P~~#~#...≈≈≈≈≈≈≈≈
###~.~...PP~~~~#~#..~≈≈≈≈≈≈≈≈
#~...~...~~..≈≈#~#≈≈≈≈≈≈≈≈≈≈≈
~~.~~†~#P#≈≈≈≈≈#~#≈≈≈≈≈≈≈≈≈≈≈
~.~.≈≈≈#≈#≈≈≈≈≈#~#≈≈≈≈≈≈≈≈≈≈
≈≈≈≈≈≈≈#≈#≈≈≈≈≈#~#≈≈≈≈≈≈≈≈≈
≈≈≈≈≈≈≈#≈#≈≈≈≈≈#~# ≈≈≈≈≈≈≈#≈#
≈≈≈≈#~# ≈≈≈≈≈≈≈#≈# #@#
≈≈≈≈≈≈≈# #w# ≈≈≈≈≈≈≈# #~#
~....≈≈≈ #~# ... ... .~.
...~.


You could see a brain worm (very poisoned).

Vanquished Creatures
  A kobold brigand (Sewer)
  A brain worm (Sewer)
  3 river rats (Sewer)
  7 adders
  A dart slug (D:1)
  A ribbon worm (D:3)
  4 bats
  5 endoplasms
  8 giant cockroaches
  7 hobgoblins
  4 jackals (Sewer)
  8 kobolds
  4 quokkas
  11 ball pythons
  4 frilled lizards
  6 goblins
  4 rats
79 creatures vanquished.

Notes
Turn   | Place    | Note
-------+----------+-------------------------------------------
     0 | D:1      | jagang the Demigod Air Elementalist began the quest for the
                  | Orb.
     0 | D:1      | Reached XP level 1. HP: 14/14 MP: 5/5
   111 | D:1      | Reached skill level 1 in Conjurations
   263 | D:1      | Reached XP level 2. HP: 22/22 MP: 5/7
  1360 | D:2      | Reached XP level 3. HP: 27/27 MP: 7/9
  1481 | D:2      | Identified the +0 hat of the Maze {rC+}
  1502 | D:2      | Reached skill level 1 in Fighting
  2444 | D:3      | Reached XP level 4. HP: 35/35 MP: 10/10
  2520 | D:3      | Got the Excursus on the Discontinuous Oath
  2754 | D:3      | Found a glowing drain.
  2760 | Sewer    | Entered a sewer
  2784 | Sewer    | Noticed a kobold brigand
  2800 | Sewer    | Killed a kobold brigand
  2801 | Sewer    | Reached XP level 5. HP: 9/40 MP: 5/12
  3020 | Sewer    | Reached skill level 1 in Polearms
  3547 | Sewer    | Killed from afar by a brain worm

Illustrated notes

Levels and vault maps discovered:
D:1:      ebering_trefoil_twist, layout_loops_corners, minmay_misc_feat_x
D:2:      layout_loops_ring, chequers_ecumenical_altar_simple
D:3:      layout_basic, mainiacjoe_sewer_entry_somewhere_in_here_1
Sewer:    sewer_co_scattered_pipes

Skill      XL: |  1  2  3  4  5 |
---------------+----------------+-----
Conjurations   | 1 2 |  2.9
Spellcasting   | 2 3 |  3.1
Dodging        | 2 |  2.6
Fighting       | 1 |  1.8
Air Magic      | 3 |  3.3
Polearms       | 1 |  1.2
Stealth        | |  1.7

Action                     |  1- 3 |  4- 6 || total
---------------------------+-------+-------++-------
  Melee: Short sword       |     6 |       ||     6
         Spear             |    30 |    85 ||   115
         Punch             |       |     1 ||     1
   Cast: Shock             |    77 |    60 ||   137
   Stab: Sleeping          |     1 |     1 ||     2
 Armour: Robe              |    21 |    26 ||    47
  Dodge: Dodged            |    18 |    44 ||    62
